 Dungeon Crawl Stone Soup version 0.30-a0-728-gc68057be0a (webtiles) character file.

Game seed: 7885850783675115767

28222 IdlyInterested the Slicer (level 13, -6/95 HPs)
             Began as a Demonspawn Gladiator on Jan 30, 2023.
             Shot with an arrow by a cherub (9 damage)
             ... on level 13 of the Dungeon.
             The game lasted 00:43:49 (15581 turns).

IdlyInterested the Slicer (Demonspawn Gladiator)   Turns: 15581, Time: 00:43:49

Health: -6/95      AC: 12    Str: 14    XL:     13   Next: 8%
Magic:  0/29       EV: 18    Int: 10    God:
Gold:   648        SH:  0    Dex: 20    Spells: 36/36 levels left

rFire   + . .      SeeInvis .    j - +7 rapier (freeze)
rCold   + . .      Faith    .    (no shield)
rNeg    . . .      Spirit   +    S - +2 robe {rC+ rF+}
rPois   .          Reflect  .    (helmet unavailable)
rElec   .          Harm     .    w - +0 cloak
rCorr   .          Rampage  .    (no gloves)
Will    .....                    (no boots)
Stlth   ++                       A - amulet of magic regeneration
HPRegen 0.35/turn                o - +4 ring of protection
MPRegen 0.82/turn                M - +5 ring of evasion

@: hasted, glowing, very quick
A: horns 3, yellow scales 2, foul stench 1, magic shield, magic regeneration
a: no special abilities


You were on level 13 of the Dungeon.
You visited 2 branches of the dungeon, and saw 14 of its levels.

You collected 747 gold pieces.
You spent 99 gold pieces at shops.

Inventory:

Hand Weapons
 a - a +1 rapier
 j - a +7 rapier of freezing (weapon)
 u - a +1 dagger of electrocution
 E - a +4 dagger
 Q - a +2 dagger of venom
Missiles
 d - 5 throwing nets
 e - a javelin
 f - 70 stones (quivered)
 h - 5 atropa-tipped darts
 l - 32 poisoned darts
 p - 4 silver javelins
 q - 8 boomerangs
Armour
 t - a +0 chain mail of positive energy
 w - a +0 cloak (worn)
 y - the +1 leather armour of Tempters {rElec Stlth+}
   (You found it on level 12 of the Dungeon)

   rElec:     It insulates you from electricity.
   Stlth:     It makes you more stealthy.
 S - a +2 robe of resistance (worn)
Jewellery
 o - a +4 ring of protection (left hand)
 A - an amulet of magic regeneration (around neck)
 J - an amulet of faith
 M - a +5 ring of evasion (right hand)
Wands
 v - a wand of mindburst (6)
 B - a wand of flame (28)
 D - a wand of paralysis (20)
 L - a wand of acid (4)
 O - a wand of polymorph (10)
Scrolls
 c - a scroll of fear
 m - 2 scrolls of poison
 z - a scroll of magic mapping
 F - 9 scrolls of identify
 G - a scroll of fog
 I - 6 scrolls of teleportation
 K - a scroll of immolation
Potions
 b - a potion of attraction
 g - 3 potions of flight
 k - 2 potions of lignification
 n - 2 potions of brilliance
 r - 7 potions of curing
 s - 2 potions of cancellation
 x - a potion of haste
 H - a potion of mutation
Miscellaneous
 i - a piece from Xom's chessboard (15/15)
 P - a condenser vane (inert)


   Skills:
 * Level 6.9 Fighting
 - Level 14.0 Short Blades
 - Level 2.0 Throwing
 - Level 3.0 Armour
 - Level 3.0 Dodging
 - Level 8.0 Stealth
 + Level 12.1 Spellcasting
 - Level 2.0 Evocations


You had 36 spell levels left.
You didn't know any spells.
Your spell library contained the following spells:

 Spells                   Type           Power      Damage    Failure   Level
 Magic Dart               Conj           24%        1d4       11%         1
 Necrotise                Necr           24%        1d5       11%         1
 Shock                    Conj/Air       24%        1d4       11%         1
 Summon Small Mammal      Summ           24%        N/A       11%         1
 Call Imp                 Summ           6%         N/A       17%         2
 Call Canine Familiar     Summ           6%         N/A       32%         3
 Ignite Poison            Fire/Tmut/Pois 6%         N/A       32%         3
 Kindle Blastsparks       Fire/Tloc/Air  12%        2d11      32%         3
 Mephitic Cloud           Conj/Pois/Air  6%         N/A       32%         3
 Portal Projectile        Hex/Tloc       12%        N/A       32%         3
 Stone Arrow              Conj/Erth      12%        3d7       32%         3
 Summon Guardian Golem    Hex/Summ       6%         N/A       32%         3
 Swiftness                Air            6%         N/A       32%         3
 Vampiric Draining        Necr           6%         2d6       32%         3
 Airstrike                Air            3%         2d(1-17)  73%         4
 Animate Armour           Summ/Erth      12%        N/A       73%         4
 Leda's Liquefaction      Hex/Erth       3%         N/A       73%         4
 Agony                    Necr           6%         N/A       97%         5
 Freezing Cloud           Conj/Ice/Air   3%         6-21      97%         5
 Lehudib's Crystal Spear  Conj/Erth      3%         10d2      100%        8


Dungeon Overview and Level Annotations

Branches:
Dungeon (13/15)            Temple (1/1) D:7            Lair (0/5) D:11
    Orc (0/2) D:12
 Vaults: D:13-14

Altars:
Ashenzari
Cheibriados
Dithmenos
Fedhas
Gozag
Hepliaklqana
Kikubaaqudgha
Makhleb
Nemelex Xobeh
Okawaru
Qazlal
Ru
Sif Muna
Trog
Uskayaw
Vehumet
Wu Jian
Xom
Yredelemnul

Shops:
D:5 *   D:8 ((


Innate Abilities, Weirdness & Mutations

You have a pair of large horns on your head.
You are mostly covered in yellow scales. (AC +3)
You may rarely emit foul miasma when damaged in melee.
When hurt, damage is shared between your health and your magic reserves.
You regenerate magic rapidly.


Message History

The stone arrow hits you!
* * * LOW HITPOINT WARNING * * *
You feel much better.
The cherub hits you with a +2 scimitar of flaming.
The cherub burns you.
You emit a cloud of foul miasma!
The cherub gores you.
The gargoyle hurls a stone arrow at you.
The stone arrow hits you!!
You hit the cherub. You freeze the cherub.
You headbutt the cherub, but do no damage.
The cherub is heavily wounded.
The cherub hits you with a +2 scimitar of flaming!
* * * LOW HITPOINT WARNING * * *
The cherub burns you.
* * * LOW HITPOINT WARNING * * *
The cherub hits you but does no damage.
You miss the cherub.
The cherub is heavily wounded.
Clouds of freezing vapour condense around you!
The condenser dries out!
The gargoyle is engulfed in freezing vapours.
The gargoyle misses you.
You hit the cherub but do no damage.
The cherub is heavily wounded.
The cherub hits you with a +2 scimitar of flaming!
* * * LOW HITPOINT WARNING * * *
The cherub completely misses you.
You hit the cherub but do no damage.
The cherub is heavily wounded.
The gargoyle is engulfed in freezing vapours.
The gargoyle hurls a stone arrow at you.
The stone arrow hits you!
* * * LOW HITPOINT WARNING * * *
The cherub unwields a +2 scimitar of flaming.
It stops flaming.
The cherub wields a +0 shortbow.
The cherub shoots an arrow.
The arrow hits you!
* * * LOW HITPOINT WARNING * * *
The gargoyle is engulfed in freezing vapours.
You destroy the gargoyle!
The cherub shoots an arrow.
The arrow hits you!
You die...

..## ..## ..P#
#§§# #.# ##A§# #.#
#§.§# #.# #..##
#.# #..######.#
#..@......# #
#.........#####..#
#................#
#...####.........#
#.. #..........#
#..######.#
#..##..........#
#..#
#..##..........#
#..#
#..##..........#
#..#
#..##..........#
#..#


You could see a cherub.

Vanquished Creatures
  Harold (D:9)
  4 death yaks (D:11)
  2 boulder beetles
  5 two-headed ogres (D:11)
  3 skeletal warriors (D:13)
  The ghost of Mitcholas the Skirmisher, a novice DrHu of Okawaru (D:6)
  A deep elf pyromancer (D:13)
  An orc knight (D:13)
  An ugly thing (D:13)
  A manticore (D:12)
  4 gargoyles
  2 unseen horrors
  Psyche (D:10)
  4 kobold demonologists
  A komodo dragon (D:12)
  4 trolls
  A hornet (D:7)
  Grinder (D:3)
  3 shadows
  4 wraiths
  15 slime creatures
  Eustachio (D:5)
  2 wyverns
  23 yaks
  A steam dragon (D:10)
  5 vampire mosquitoes (D:12)
  Menkaure (D:7)
  2 water moccasins
  Edmund (D:4)
  2 orc warriors (D:10)
  An ice beast (D:5)
  2 black bears
  An ogre (D:7)
  4 centaurs
  A phantom (D:5)
  5 kobold brigands
  A scorpion (D:5)
  3 bullfrogs
  A necrophage (D:7)
  14 wights
  7 killer bees (D:9)
  8 howler monkeys
  An electric eel (D:11)
  5 jellies
  5 hounds
  Crazy Yiuf (D:3)
  8 orc priests
  2 gnoll boudas
  2 iguanas (D:5)
  9 orc wizards
  Robin (D:3)
  11 gnolls
  8 adders
  A white imp (D:8)
  An ufetubus (D:7)
  2 worms (D:2)
  50 orcs
  12 endoplasms
  6 giant cockroaches
  17 goblins
  11 hobgoblins
  6 jackals
  2 quokkas
  7 ball pythons
  5 bats
  4 frilled lizards
  24 kobolds
  5 rats
  A spectral kobold (D:3)
353 creatures vanquished.

Vanquished Creatures (others)
  An orc (D:12)
  16 plants (D:13)
17 creatures vanquished.

Grand Total: 370 creatures vanquished

Notes
Turn   | Place    | Note
-------+----------+-------------------------------------------
     0 | D:1      | IdlyInterested the Demonspawn Gladiator began the quest for
                  | the Orb.
     0 | D:1      | Reached XP level 1. HP: 16/16 MP: 1/1
   284 | D:1      | Reached skill level 3 in Short Blades
   334 | D:1      | Gained mutation: You are partially covered in yellow
                  | scales. (AC +2) [demonic ancestry]
   334 | D:1      | Reached XP level 2. HP: 22/22 MP: 2/2
   776 | D:1      | Reached skill level 1 in Armour
  1011 | D:2      | Gained mutation: You have a pair of small horns on your
                  | head. [demonic ancestry]
  1011 | D:2      | Reached XP level 3. HP: 27/27 MP: 3/3
  1337 | D:2      | Reached skill level 4 in Short Blades
  1494 | D:2      | Gained mutation: You have a pair of horns on your head.
                  | [demonic ancestry]
  1494 | D:2      | Reached XP level 4. HP: 33/33 MP: 4/4
  2202 | D:3      | Noticed Robin
  2222 | D:3      | Killed Robin
  2618 | D:3      | Noticed a water moccasin
  2634 | D:3      | Killed a water moccasin
  2635 | D:3      | Reached skill level 5 in Short Blades
  2635 | D:3      | Reached XP level 5. HP: 6/38 MP: 5/5
  2635 | D:3      | HP: 1/38 [poisoned by a water moccasin]
  2762 | D:3      | Found a faded altar of an unknown god.
  2884 | D:3      | Found a hazy altar of Hepliaklqana.
  2981 | D:3      | Gained mutation: You are mostly covered in yellow scales.
                  | (AC +3) [demonic ancestry]
  2981 | D:3      | Reached XP level 6. HP: 20/44 MP: 6/6
  3079 | D:3      | Noticed Grinder
  3106 | D:3      | Paralysed by Grinder for 3 turns
  3110 | D:3      | Killed Grinder
  3111 | D:3      | Reached skill level 6 in Short Blades
  3476 | D:3      | Found a runed translucent door.
  3477 | D:3      | Noticed Crazy Yiuf
  3535 | D:3      | Gained mutation: You regenerate magic rapidly. [demonic
                  | ancestry]
  3535 | D:3      | Reached XP level 7. HP: 39/50 MP: 7/7
  3750 | D:3      | Found an opulent altar of Gozag.
  3876 | D:3      | Killed Crazy Yiuf
  3887 | D:3      | Gained mutation: When hurt, damage is shared between your
                  | health and your magic reserves. [demonic ancestry]
  3887 | D:3      | Reached XP level 8. HP: 56/56 MP: 7/23
  3986 | D:4      | Noticed Edmund
  4016 | D:4      | Killed Edmund
  4528 | D:5      | Entered Level 5 of the Dungeon
  4810 | D:5      | Reached skill level 7 in Short Blades
  4920 | D:5      | Noticed Eustachio
  4950 | D:5      | Killed Eustachio
  4964 | D:5      | Found Wifro's Elemental Accessories.
  4981 | D:5      | Bought 2 potions of degeneration for 22 gold pieces
  4981 | D:5      | Bought a wand of flame (10) for 77 gold pieces
  5157 | D:5      | Reached skill level 1 in Evocations
  5393 | D:6      | Reached XP level 9. HP: 43/61 MP: 17/24
  5829 | D:6      | Noticed a +0 dagger
  5830 | D:6      | Noticed a +0 hand axe
  5832 | D:6      | Found a hide-covered altar of Uskayaw.
  5991 | D:6      | Found a runed translucent door.
  5991 | D:6      | Noticed Mitcholas's ghost (novice DrHu)
  6223 | D:6      | Reached skill level 8 in Short Blades
  6490 | D:6      | Killed Mitcholas's ghost
  6586 | D:7      | Found a staircase to the Ecumenical Temple.
  6657 | Temple   | Entered the Ecumenical Temple
  6910 | D:7      | Paralysed by a hornet for 1 turns
  6916 | D:7      | Reached skill level 9 in Short Blades
  6957 | D:7      | Reached XP level 10. HP: 29/70 MP: 25/25
  7327 | D:7      | Noticed Menkaure
  7336 | D:7      | Killed Menkaure
  8179 | D:8      | Found Simub's Weapon Boutique.
  8304 | D:8      | Found Zaid's Antique Weapon Boutique.
  8524 | D:8      | Found a snail-covered altar of Cheibriados.
  9049 | D:9      | Noticed Harold
  9055 | D:9      | Killed Harold
  9056 | D:9      | Reached skill level 10 in Short Blades
  9241 | D:9      | Noticed a boulder beetle
  9280 | D:9      | Killed a boulder beetle
  9534 | D:9      | Reached XP level 11. HP: 60/77 MP: 22/26
 10109 | D:9      | Reached skill level 11 in Short Blades
 10371 | D:10     | Entered Level 10 of the Dungeon
 10387 | D:10     | Identified the +1 robe of the Bells {rF+ Will+}
 10943 | D:10     | Found an iron altar of Okawaru.
 10955 | D:10     | Noticed Psyche
 10967 | D:10     | Killed Psyche
 11212 | D:10     | Reached skill level 12 in Short Blades
 11323 | D:10     | Found a shadowy altar of Dithmenos.
 11323 | D:10     | Found a broken altar of Ashenzari.
 11352 | D:10     | Found an ancient bone altar of Kikubaaqudgha.
 11358 | D:10     | Found a shimmering blue altar of Sif Muna.
 11536 | D:11     | Noticed a two-headed ogre
 11536 | D:11     | Noticed a two-headed ogre
 11537 | D:11     | Killed a two-headed ogre
 11546 | D:11     | Killed a two-headed ogre
 11592 | D:11     | Reached skill level 5 in Stealth
 11815 | D:11     | Noticed a two-headed ogre
 11827 | D:11     | Killed a two-headed ogre
 11836 | D:11     | Noticed a two-headed ogre
 11848 | D:11     | Killed a two-headed ogre
 12043 | D:11     | Reached skill level 13 in Short Blades
 12062 | D:11     | Gained mutation: You may rarely emit foul miasma when
                  | damaged in melee. [demonic ancestry]
 12062 | D:11     | Reached XP level 12. HP: 68/83 MP: 27/27
 12122 | D:11     | Noticed a death yak
 12123 | D:11     | Noticed a death yak
 12125 | D:11     | Found a staircase to the Lair.
 12134 | D:11     | Noticed a death yak
 12141 | D:11     | Killed a death yak
 12146 | D:11     | Killed a death yak
 12146 | D:11     | Noticed a death yak
 12154 | D:11     | Killed a death yak
 12166 | D:11     | Killed a death yak
 12419 | D:11     | Noticed a two-headed ogre
 12430 | D:11     | Killed a two-headed ogre
 13145 | D:12     | Reached skill level 14 in Short Blades
 13379 | D:12     | Found a staircase to the Orcish Mines.
 13597 | D:12     | Identified the +1 leather armour of Tempters {rElec Stlth+}
 14564 | D:13     | Noticed a boulder beetle
 14582 | D:13     | Reached skill level 5 in Fighting
 15326 | D:13     | Killed a boulder beetle
 15327 | D:13     | Gained mutation: You have a pair of large horns on your
                  | head. [demonic ancestry]
 15327 | D:13     | Reached XP level 13. HP: 92/94 MP: 29/29
 15579 | D:13     | HP: 3/95 [cherub/arrow (5)]
 15581 | D:13     | Shot with an arrow by a cherub

Illustrated notes

Levels and vault maps discovered:
D:1:      dpeg_arrival_solitude, layout_basic, minmay_misc_feat_enclosed
D:2:      cheibrodos_old_hovel, layout_rooms, serial_co_window_serial,
          co_window_corner_a, co_window_corner_a, co_window_of_opportunity_a,
          co_window_paths_a, co_window_corner_a, co_window_corner_b,
          co_window_cross_4, co_window_broadway_a, co_window_2corner,
          co_window_paths_d, co_window_4corner_b,
          amcnicky_mini_rare_corridor_liquid, chequers_serial_rivers_micro_a
D:3:      minmay_chambers_of_threes, layout_loops_cross,
          nicolae_hepliaklqana_monster_ancestors,
          mainiacjoe_overflow_surrounded_room, chequers_ecumenical_altar_grove,
          skrybe_limestone_x, uniq_robin, uniq_crazy_yiuf_cottage, uniq_grinder
D:4:      layout_basic, uniq_edmund
D:5:      layout_basic, nicolae_elemental_shop, minmay_misc_feat_rows,
          uniq_eustachio
D:6:      minmay_evil_eye, layout_loops_ring, dancing_weapons_uskayaw,
          gammafunk_ghost_grave, roderic_roman_lattice
D:7:      layout_loops_ring, minmay_temple_entry_large_hall, moated_statue,
          minivault_25, uniq_menkaure
D:8:      layout_basic, mainiacjoe_overflow_paths, serial_shops,
          nicolae_shop_hallway_stairs, nicolae_shop_bloodbath_and_beyond
D:9:      layout_basic, kennysheep_generic_room_9, uniq_harold
D:10:     layout_loops_cross, minmay_overflow_temple_star_hex,
          mainiacjoe_overflow_catwalk, uniq_psyche
D:11:     layout_basic, dpeg_lair_monsters, grunt_ministairs_12
D:12:     layout_stronghold, hiddenorc2_lemuel
D:13:     layout_long_grid, st_stairs_10, pf_eden
Temple:   nicolae_temple_x_marks_the_god

Skill      XL: |  1  2  3  4  5  6  7  8  9 10 11 12 |
---------------+-------------------------------------+-----
Short Blades   | 3 4 5 6 7 9 10 13 14 | 14.0
Armour         | 1 3 |  3.0
Dodging        | 3 |  3.0
Throwing       | 2 |  2.0
Stealth        | 2 3 4 5 8 |  8.0
Spellcasting   | 11 12 | 12.1
Evocations     | 1 2 |  2.0
Fighting       | 3 4 6 |  6.9

Action                     |  1- 3 |  4- 6 |  7- 9 | 10-12 | 13-15 || total
---------------------------+-------+-------+-------+-------+-------++-------
  Melee: Rapier            |   108 |   112 |   143 |   747 |    51 ||  1161
         Punch             |     1 |     3 |     2 |    15 |       ||    21
         Headbutt          |     6 |    38 |    69 |   192 |    12 ||   317
         Dagger            |       |    75 |   130 |     9 |       ||   214
  Throw: Throwing net      |       |     2 |     2 |       |       ||     4
         Stone             |       |     2 |    43 |    37 |       ||    82
         Dart              |       |     1 |     9 |     1 |       ||    11
         Javelin           |       |       |       |     6 |       ||     6
         Boomerang         |       |       |       |     2 |       ||     2
  Evoke: Condenser vane    |       |       |       |       |     1 ||     1
    Use: Scroll            |     1 |     5 |     9 |     6 |       ||    21
         Potion            |       |     3 |     5 |     9 |     2 ||    19
   Stab: Sleeping          |       |     1 |     4 |    18 |       ||    23
 Armour: Leather armour    |    21 |    17 |    50 |   101 |       ||   189
         Animal skin       |       |     3 |       |       |       ||     3
         Ring mail         |       |    26 |       |       |       ||    26
         Chain mail        |       |     6 |    51 |       |       ||    57
         Robe              |       |       |     7 |    44 |     7 ||    58
  Dodge: Dodged            |    73 |    70 |    98 |   365 |    19 ||   625

Table legend: (Time is in decaauts)
 A = Elapsed time spent in this place.
 B = Non-inter-level travel time spent in this place.
 C = Inter-level travel time spent in this place.
 D = Time resting spent in this place.
 E = Time spent auto-exploring this place.
 F = Levels seen in this place.
 G = Mean time per level.
                   A        B        C        D        E       F      G
               +--------+--------+--------+--------+--------+-----+--------+
         Total |  15148 |  13578 |   1570 |   3183 |   7022 |  14 | 1082.0 |
       Dungeon |  15080 |  13510 |   1570 |   3183 |   6976 |  13 | 1160.0 |
        Temple |     67 |     67 |      0 |      0 |     46 |   1 |   67.0 |
               +--------+--------+--------+--------+--------+-----+--------+

Top non-repeatable levels by time:
    D:12: 1757 daAuts
     D:3: 1695 daAuts
     D:9: 1534 daAuts
     D:2: 1379 daAuts
     D:6: 1364 daAuts
    D:11: 1336 daAuts
     D:7: 1143 daAuts
    D:10: 1006 daAuts
     D:8: 973 daAuts
     D:1: 951 daAuts
    D:13: 693 daAuts
     D:5: 685 daAuts
     D:4: 559 daAuts
  Temple: 67 daAuts
